AoeStats
← La Hire

Black Forest

510420056Analyzed
4v4 RM · 2d ago on Sep 30, 2026· 52m 44s· 8 players
Game mode
Random Map
Map size
Large (8 player)
Population
200
Speed
Normal
Resources
Standard
Victory
Conquest
Starting age
Dark Age
Ending age
Imperial Age
RankedLock teamsTeams togetherTeam positionsShared explorationLock speedFull tech treeHidden civsTurbo modeCheats
Victory
Defeat
🇹🇷 Mongols · Türkiye
1320
+13
🇳🇱 Hindustanis · Netherlands
1306
+14
🇮🇳 Bohemians · India
1207
+18
🇺🇸 Britons · United States
1163
+21
🇲🇽 Malians · Mexico
1289
-17
🇨🇳 Danes · China
1267
-17
🇬🇷 Spanish · Greece
1242
-16
🇦🇷 Varangians · Argentina
1237
-16
nikos9730
0:31 Loom
12:24 Feudal Age
17:15 Castle Age
15:41 Double-Bit Axe
16:44 Gold Mining
26:29 Horse Collar
27:29 Heavy Plow
29:25 Redemption
36:26 Fortified Wall
40:10 Imperial Age
38:39 Fletching
38:26 Elite Skirmisher
39:13 Thumb Ring
40:09 Bodkin Arrow
40:15 Padded Archer Armor
40:58 Bracer
48:56 Wheelbarrow
Amante Peludo
0:29 Loom
11:47 Feudal Age
20:09 Castle Age
20:09 Double-Bit Axe
30:50 Wheelbarrow
32:01 Bloodlines
31:52 Husbandry
32:44 Husbandry
32:56 Forging
37:45 Imperial Age
37:34 Squires
37:42 Fletching
37:43 Horse Collar
38:15 Bow Saw
38:14 Arson
38:02 Elite Skirmisher
39:13 Conscription
40:42 Hand Cart
40:43 Pikeman
42:04 Iron Casting
41:21 Halberdier
42:32 Bodkin Arrow
42:37 Padded Archer Armor
42:59 Ballistics
48:28 Scale Mail Armor
49:28 Blast Furnace
49:34 Chain Mail Armor
49:52 Chain Mail Armor
51:02 Chemistry
50:35 Bracer
50:55 Leather Archer Armor
50:55 Chain Mail Armor
52:13 Scale Barding Armor
52:19 Scale Barding Armor
51:45 Light Cavalry
b² - 4ac
9:08 Loom
11:54 Feudal Age
16:26 Castle Age
14:44 Double-Bit Axe
19:53 Wheelbarrow
21:58 Bow Saw
23:47 Horse Collar
27:50 Hand Cart
30:57 Imperial Age
28:43 Scale Mail Armor
29:13 Gold Mining
29:25 Heavy Plow
30:11 Chain Mail Armor
30:06 Forging
29:49 Fletching
29:43 Treadmill Crane
30:40 Caravan
31:02 Capped Ram
31:06 Elite Gbeto
37:34 Bodkin Arrow
38:16 Iron Casting
38:11 Plate Mail Armor
37:30 Onager
39:01 Farimba
40:08 Tigui
40:09 Farimba
40:37 Conscription
40:49 Conscription
40:38 Scale Barding Armor
40:12 Light Cavalry
41:05 Bloodlines
40:55 Husbandry
40:34 Heavy Camel Rider
La Hire
6:14 Loom
11:54 Feudal Age
15:46 Castle Age
13:35 Double-Bit Axe
14:39 Wheelbarrow
14:05 Horse Collar
17:08 Bow Saw
18:30 Wheelbarrow
18:47 Heavy Plow
23:25 Hand Cart
23:08 Town Watch
29:25 Imperial Age
26:54 Gold Mining
26:54 Stone Mining
28:05 Town Patrol
30:03 Gold Shaft Mining
30:04 Stone Shaft Mining
30:07 Onager
31:09 Siege Engineers
31:30 Conscription
32:24 Northmen's Fury
32:42 Siege Onager
35:30 Chemistry
34:41 Masonry
34:30 Pikeman
35:11 Squires
36:54 Elite Varangian Guard
37:47 Gambesons
37:48 Arson
38:22 Forging
38:12 Scale Mail Armor
38:22 Forging
38:12 Scale Mail Armor
38:03 Fletching
38:13 Padded Archer Armor
39:59 Chain Mail Armor
40:20 Iron Casting
41:39 Plate Mail Armor
41:45 Iron Casting
41:06 Halberdier
41:39 Capped Ram
41:56 Hamask
43:12 Hoardings
45:04 Blast Furnace
43:55 Fletching
44:06 Padded Archer Armor
43:45 Siege Ram
46:59 Scale Barding Armor
46:49 Bodkin Arrow
48:42 Light Cavalry
49:32 Bloodlines
49:23 Husbandry
49:53 Chain Barding Armor
49:34 Bracer
52:18 Plate Barding Armor
51:58 Leather Archer Armor
8elwnaginw
10:55 Feudal Age
15:22 Castle Age
13:39 Double-Bit Axe
13:36 Horse Collar
17:00 Bow Saw
18:04 Wheelbarrow
18:45 Loom
20:09 Heavy Plow
21:31 Hand Cart
22:53 Stone Mining
25:11 Stone Shaft Mining
24:27 Gold Mining
26:11 Scale Barding Armor
26:19 Forging
28:51 Gold Shaft Mining
31:27 Imperial Age
29:39 Bloodlines
29:30 Husbandry
29:52 Chain Barding Armor
30:08 Iron Casting
30:38 Grand Trunk Road
31:12 Caravan
31:36 Heavy Camel Rider
32:53 Plate Barding Armor
33:37 Two-Man Saw
33:56 Imperial Camel Rider
35:39 Blast Furnace
38:46 Hoardings
38:32 Conscription
39:42 Town Watch
41:03 Chemistry
40:09 Siege Engineers
MA
10:54 Feudal Age
12:28 Double-Bit Axe
12:24 Horse Collar
15:22 Castle Age
16:20 Bow Saw
17:51 Wheelbarrow
21:02 Loom
21:05 Town Watch
22:42 Heavy Plow
22:58 Gold Mining
23:03 Stone Mining
24:30 Hand Cart
26:08 Fletching
26:18 Padded Archer Armor
29:10 Imperial Age
27:13 Bodkin Arrow
27:39 Ballistics
28:05 Leather Archer Armor
29:15 Bloodlines
29:05 Husbandry
28:26 Light Cavalry
29:12 Scale Barding Armor
29:18 Forging
29:16 Thumb Ring
29:29 Elite Mangudai
30:30 Bracer
30:57 Conscription
33:30 Parthian Tactics
33:28 Chain Barding Armor
33:43 Iron Casting
34:40 Chemistry
33:05 Hussar
36:45 Blast Furnace
40:07 Siege Engineers
40:13 Masonry
39:59 Murder Holes
42:57 Caravan
43:27 Coinage
45:09 Banking
46:22 Town Patrol
53:14 Scale Mail Armor
52:37 Pikeman
53:17 Squires
53:02 Arson
52:38 Man-at-Arms
52:40 Cavalier
52:40 Heavy Camel Rider
52:41 Elite Steppe Lancer
AMC_Stubs
0:44 Loom
3:07 Loom
11:55 Feudal Age
18:01 Castle Age
17:01 Horse Collar
17:16 Double-Bit Axe
19:58 Town Watch
20:32 Fletching
28:06 Wheelbarrow
29:18 Heavy Plow
29:37 Bow Saw
30:24 Fortified Wall
31:00 Bodkin Arrow
31:20 Masonry
37:24 Imperial Age
36:37 Padded Archer Armor
36:50 Crossbowman
38:10 Bracer
38:25 Leather Archer Armor
38:25 Arbalester
40:14 Ballistics
41:15 Chemistry
43:32 Town Patrol
43:47 Hand Cart
51:11 Siege Engineers
51:36 Architecture
52:36 Yeomen
52:39 Conscription
53:14 Warwolf
cleloandrade1
1:10 Loom
12:48 Feudal Age
17:53 Castle Age
16:27 Double-Bit Axe
18:39 Town Watch
19:32 Wheelbarrow
20:47 Fervor
22:41 Horse Collar
26:04 Caravan
27:18 Hand Cart
34:37 Imperial Age
33:09 Wagenburg Tactics
34:30 Chemistry
33:50 Ballistics
36:12 Forging
36:04 Scale Mail Armor
36:08 Town Watch
37:33 Iron Casting
36:20 Pikeman
37:01 Squires
36:46 Arson
37:47 Halberdier
40:09 Houfnice
44:12 Blast Furnace
48:14 Chain Mail Armor
49:51 Conscription
53:35 Plate Mail Armor
Connection lost

Rejoining the realm…

Still unreachable

The connection could not be restored.

Session expired

The server has moved on; the page needs a fresh start.